AoeStats
← asasa137

Arabian Desert

508916165Analyzed
1v1 RM · 7d ago on Sep 24, 2026· 70m 31s· 2 players
Game mode
Random Map
Map size
Tiny (2 player)
Population
200
Speed
Normal
Resources
Standard
Victory
Conquest
Starting age
Dark Age
Ending age
Imperial Age
RankedLock teamsTeams togetherTeam positionsShared explorationLock speedFull tech treeHidden civsTurbo modeCheats
Victory
Defeat
🇺🇸 Danes · United States
1004
+17
🇧🇪 Wei · Belgium
1015
-17
fishbonestew
8:03 Loom
10:18 Feudal Age
11:15 Man-at-Arms
11:45 Double-Bit Axe
14:38 Arson
20:08 Wheelbarrow
25:56 Castle Age
24:43 Scale Mail Armor
25:37 Forging
29:53 Squires
49:07 Imperial Age
48:06 Chain Mail Armor
48:29 Iron Casting
51:41 Hand Cart
51:32 Elite Varangian Guard
52:25 Padded Archer Armor
52:58 Plate Mail Armor
54:36 Heavy Scorpion
64:59 Ballistics
asasa137
10:07 Feudal Age
8:24 Loom
10:54 Double-Bit Axe
12:49 Man-at-Arms
23:08 Castle Age
22:49 Fletching
22:59 Padded Archer Armor
24:02 Thumb Ring
26:18 Scale Barding Armor
27:25 Ballistics
36:56 Bodkin Arrow
37:16 Horse Collar
42:11 Leather Archer Armor
42:25 Bow Saw
44:07 Murder Holes
51:30 Imperial Age
50:11 Town Watch
51:01 Wheelbarrow
56:23 Parthian Tactics
57:14 Husbandry
57:25 Bloodlines
Connection lost

Rejoining the realm…

Still unreachable

The connection could not be restored.

Session expired

The server has moved on; the page needs a fresh start.